AoeStats
← WoodChuckle

Arabia

510008021Analyzed
1v1 RM · 4d ago on Sep 29, 2026· 24m 40s· 2 players
Game mode
Random Map
Map size
Tiny (2 player)
Population
200
Speed
Normal
Resources
Standard
Victory
Conquest
Starting age
Dark Age
Ending age
Imperial Age
RankedLock teamsTeams togetherTeam positionsShared explorationLock speedFull tech treeHidden civsTurbo modeCheats
Victory
Defeat
🇦🇷 Tatars · Argentina
1002
+16
🇺🇸 Byzantines · United States
1008
-38
Bocchini
6:58 Loom
10:21 Feudal Age
11:09 Double-Bit Axe
11:05 Horse Collar
16:44 Town Watch
20:09 Castle Age
18:25 Padded Archer Armor
18:16 Fletching
19:20 Gold Mining
21:10 Leather Archer Armor
20:59 Elite Skirmisher
22:03 Bodkin Arrow
WoodChuckle
0:36 Loom
5:13 Loom
12:47 Feudal Age
14:27 Double-Bit Axe
15:24 Fletching
16:34 Padded Archer Armor
17:36 Arson
21:30 Horse Collar
22:30 Wheelbarrow
22:47 Scale Mail Armor
23:12 Gold Mining
Connection lost

Rejoining the realm…

Still unreachable

The connection could not be restored.

Session expired

The server has moved on; the page needs a fresh start.